SAAA
HIALEAH DODOS @ VERMONT LAKE MONSTERS
08/24/2037
 
TOP OF THE 1ST
Hialeah Dodos batting - Pitching for Vermont Lake Monsters : RHP Kee Bao
Pitching: RHP Kee Bao
Batting: SHB Arvo Helminen 0-0: Ball
1-0: Foul Ball, location: 2F
1-1: Fly out, F7 (Flyball, 7D, EV 93.1 MPH)
Batting: RHB Jimmy Scott 0-0: Ball
1-0: Called Strike
1-1: SOLO HOME RUN (Flyball, 7D, EV 101.2 MPH), Distance : 387 ft
Batting: RHB Nick Boyd 0-0: Called Strike
0-1: Called Strike
0-2: Ball
1-2: Ball
2-2: Ball
3-2: Foul Ball, location: 2F
3-2: Base on Balls
Batting: RHB Jon Deal 0-0: Ball
1-0: Swinging Strike
1-1: Called Strike
1-2: Strikes out swinging
Batting: RHB Dan Chrzan 0-0: Called Strike
0-1: Called Strike
0-2: Strikes out swinging
Top of the 1st over - 1 run, 1 hit, 0 errors, 1 left on base; Hialeah 1 - Vermont 0
BOTTOM OF THE 1ST
Vermont Lake Monsters batting - Pitching for Hialeah Dodos : RHP Pedro López
Pitching: RHP Pedro López
Batting: RHB Gabe Cain 0-0: Called Strike
0-1: Swinging Strike
0-2: Ball
1-2: Strikes out looking
Batting: RHB Marcel Roks 0-0: Foul Ball, location: 2F
0-1: Ball
1-1: Ground out 6-3 (Groundball, 6M, EV 86.9 MPH)
Batting: LHB Kevin de Bruyne 0-0: Ball
1-0: Ball
2-0: Called Strike
2-1: DOUBLE (Groundball, 3L, EV 105.0 MPH)
Batting: LHB Mike Sanderson 0-0: Ball
1-0: Called Strike
1-1: Ball
2-1: Ball
3-1: Base on Balls
Batting: RHB Naganori Takahashi 0-0: Called Strike
0-1: Swinging Strike
0-2: Ball
1-2: Foul Ball, location: 2F
1-2: Foul Ball, location: 2F
1-2: Ground out 4-3 (Groundball, 4, EV 100.6 MPH)
Bottom of the 1st over - 0 runs, 1 hit, 0 errors, 2 left on base; Hialeah 1 - Vermont 0
TOP OF THE 2ND
Hialeah Dodos batting - Pitching for Vermont Lake Monsters : RHP Kee Bao
Batting: RHB Paul Byrd 0-0: Called Strike
0-1: Fly out, F9 (Line Drive, 9D, EV 100.6 MPH)
Batting: RHB Nelson Jaramillo 0-0: Called Strike
0-1: Called Strike
0-2: Ball
1-2: Strikes out swinging
Batting: RHB Gabrio Campoverde 0-0: Ball
1-0: Called Strike
1-1: Ball
2-1: SOLO HOME RUN (Flyball, 78XD, EV 107.5 MPH), Distance : 424 ft
Batting: RHB Ernesto Trevino 0-0: Ball
1-0: SOLO HOME RUN (Flyball, 78XD, EV 86.2 MPH), Distance : 427 ft
Batting: SHB Arvo Helminen 0-0: Called Strike
0-1: Called Strike
0-2: Foul Ball, location: 2F
0-2: Ball
1-2: Ball
2-2: Ball
3-2: Foul Ball, location: 2F
3-2: Ground out 4-3 (Groundball, 4M, EV 78.8 MPH)
Top of the 2nd over - 2 runs, 2 hits, 0 errors, 0 left on base; Hialeah 3 - Vermont 0
BOTTOM OF THE 2ND
Vermont Lake Monsters batting - Pitching for Hialeah Dodos : RHP Pedro López
Batting: RHB Cedric Terriquez 0-0: Ball
1-0: Foul Ball, location: 2F
1-1: Foul Ball, location: 2F
1-2: Ground out 6-3 (Groundball, 6, EV 90.0 MPH)
Batting: RHB Rusty Fox 0-0: Called Strike
0-1: Foul Ball, location: 2F
0-2: Ball
1-2: Foul Ball, location: 2F
1-2: Ball
2-2: Ball
3-2: Foul Ball, location: 2F
3-2: Strikes out swinging
Batting: LHB Tullu Amaad 0-0: Foul Ball, location: 2F
0-1: Fly out, F9 (Flyball, 9, EV 96.2 MPH)
Bottom of the 2nd over - 0 runs, 0 hits, 0 errors, 0 left on base; Hialeah 3 - Vermont 0
TOP OF THE 3RD
Hialeah Dodos batting - Pitching for Vermont Lake Monsters : RHP Kee Bao
Batting: RHB Jimmy Scott 0-0: Ball
1-0: Fly out, F8 (Flyball, 8RXD, EV 95.6 MPH)
Batting: RHB Nick Boyd 0-0: Called Strike
0-1: Ball
1-1: Foul Ball, location: 2F
1-2: Strikes out swinging
Batting: RHB Jon Deal 0-0: Ball
1-0: Ground out 6-3 (Groundball, 6MS, EV 88.1 MPH)
Top of the 3rd over - 0 runs, 0 hits, 0 errors, 0 left on base; Hialeah 3 - Vermont 0
BOTTOM OF THE 3RD
Vermont Lake Monsters batting - Pitching for Hialeah Dodos : RHP Pedro López
Batting: RHB Min-tae Yi 0-0: Called Strike
0-1: Ball
1-1: Fly out, F5 (Line Drive, 5, EV 60.0 MPH)
Batting: RHB Gabe Cain 0-0: Called Strike
0-1: Ball
1-1: Ground out 4-3 (Groundball, 4S, EV 88.1 MPH)
Batting: RHB Marcel Roks 0-0: DOUBLE (Line Drive, 9LM, EV 112.5 MPH)
Pinch Runner at 2nd Dale Doney:
Batting: LHB Kevin de Bruyne 0-0: Called Strike
0-1: Called Strike
0-2: Fly out, F8 (Flyball, 78M, EV 88.1 MPH)
Bottom of the 3rd over - 0 runs, 1 hit, 0 errors, 1 left on base; Hialeah 3 - Vermont 0
TOP OF THE 4TH
Hialeah Dodos batting - Pitching for Vermont Lake Monsters : RHP Kee Bao
Now at 1B: Dale Doney
Batting: RHB Dan Chrzan 0-0: Foul Ball, location: 2F
0-1: Ball
1-1: Called Strike
1-2: Strikes out swinging
Batting: RHB Paul Byrd 0-0: Foul Ball, location: 2F
0-1: Ball
1-1: Ball
2-1: Ball
3-1: Called Strike
3-2: Base on Balls
Batting: RHB Nelson Jaramillo 0-0: Ball
1-0: SINGLE (Line Drive, 56, EV 97.5 MPH)
Paul Byrd to second
Batting: RHB Gabrio Campoverde 0-0: Foul Ball, location: 2F
0-1: Ball
1-1: Ball
2-1: Ball
3-1: Called Strike
3-2: Fly out, F9 (Flyball, 9S, EV 96.2 MPH)
Batting: RHB Ernesto Trevino 0-0: Ball
1-0: Foul Ball, location: 2F
1-1: Fly out, F8 (Flyball, 8RD, EV 83.1 MPH)
Top of the 4th over - 0 runs, 1 hit, 0 errors, 2 left on base; Hialeah 3 - Vermont 0
BOTTOM OF THE 4TH
Vermont Lake Monsters batting - Pitching for Hialeah Dodos : RHP Pedro López
Batting: LHB Mike Sanderson 0-0: Called Strike
0-1: Ground out 6-3 (Groundball, 6, EV 78.8 MPH)
Batting: RHB Naganori Takahashi 0-0: Ball
1-0: Ball
2-0: Ball
3-0: Called Strike
3-1: Foul Ball, location: 2F
3-2: Foul Ball, location: 2F
3-2: Strikes out swinging
Batting: RHB Cedric Terriquez 0-0: Ball
1-0: Ball
2-0: Ball
3-0: Called Strike
3-1: Foul Ball, location: 2F
3-2: Base on Balls
Batting: RHB Rusty Fox 0-0: Ball
1-0: Foul Ball, location: 2F
1-1: Swinging Strike
1-2: SINGLE (Groundball, 56S, EV 65.0 MPH) (infield hit)
Cedric Terriquez to second
Batting: LHB Tullu Amaad 0-0: Foul Ball, location: 2F
0-1: Ground out 5-3 (Groundball, 5S, EV 65.6 MPH)
Bottom of the 4th over - 0 runs, 1 hit, 0 errors, 2 left on base; Hialeah 3 - Vermont 0
TOP OF THE 5TH
Hialeah Dodos batting - Pitching for Vermont Lake Monsters : RHP Kee Bao
Batting: SHB Arvo Helminen 0-0: Ball
1-0: Fly out, F8 (Flyball, 8RM, EV 86.9 MPH)
Batting: RHB Jimmy Scott 0-0: Ball
1-0: Ball
2-0: Foul Ball, location: 2F
2-1: Swinging Strike
2-2: Strikes out swinging
Batting: RHB Nick Boyd 0-0: Foul Ball, location: 2F
0-1: Swinging Strike
0-2: Ball
1-2: Ball
2-2: Ball
3-2: Reached on error, E9 (Line Drive, 9D, EV 87.5 MPH)
Batting: RHB Jon Deal 0-0: SINGLE (Line Drive, 8LS, EV 105.6 MPH)
Nick Boyd to third
Runner from 3rd tries for Home, SAFE, no throw by CF
Batting: RHB Dan Chrzan 0-0: Fly out, F5 (Popup, 5F, EV 61.9 MPH)
Top of the 5th over - 1 run, 1 hit, 1 error, 1 left on base; Hialeah 4 - Vermont 0
BOTTOM OF THE 5TH
Vermont Lake Monsters batting - Pitching for Hialeah Dodos : RHP Pedro López
Batting: RHB Min-tae Yi 0-0: Ball
1-0: Ball
2-0: Fly out, F9 (Flyball, 9S, EV 80.0 MPH)
Batting: RHB Gabe Cain 0-0: Fly out, F9 (Flyball, 9S, EV 93.8 MPH)
Batting: RHB Dale Doney 0-0: Ground out 5-3 (Groundball, 56, EV 85.0 MPH)
Bottom of the 5th over - 0 runs, 0 hits, 0 errors, 0 left on base; Hialeah 4 - Vermont 0
TOP OF THE 6TH
Hialeah Dodos batting - Pitching for Vermont Lake Monsters : RHP Kee Bao
Batting: RHB Paul Byrd 0-0: Foul Ball, location: 2F
0-1: Ground out U3 (Groundball, 34, EV 100.6 MPH)
Batting: RHB Nelson Jaramillo 0-0: Ball
1-0: Foul Ball, location: 2F
1-1: Foul Ball, location: 2F
1-2: TRIPLE (Flyball, 89XD, EV 96.9 MPH)
Batting: RHB Gabrio Campoverde 0-0: Ball
1-0: Ball
2-0: Fly out, F8 (Flyball, 8RM, EV 85.6 MPH)
Runner from 3rd tags up, SCORES, throw by CF
Batting: RHB Ernesto Trevino 0-0: Ball
1-0: Ball
2-0: Called Strike
2-1: Ground out 1-3 (Groundball, 34S, EV 88.8 MPH)
Top of the 6th over - 1 run, 1 hit, 0 errors, 0 left on base; Hialeah 5 - Vermont 0
BOTTOM OF THE 6TH
Vermont Lake Monsters batting - Pitching for Hialeah Dodos : RHP Pedro López
Batting: LHB Kevin de Bruyne 0-0: Ball
1-0: Called Strike
1-1: Called Strike
1-2: Fly out, F8 (Flyball, 78XD, EV 110.6 MPH)
Batting: LHB Mike Sanderson 0-0: Called Strike
0-1: Foul Ball, location: 2F
0-2: Ball
1-2: Fly out, F7 (Flyball, 7LM, EV 92.5 MPH)
Batting: RHB Naganori Takahashi 0-0: Called Strike
0-1: Foul Ball, location: 2F
0-2: Strikes out swinging
Bottom of the 6th over - 0 runs, 0 hits, 0 errors, 0 left on base; Hialeah 5 - Vermont 0
TOP OF THE 7TH
Hialeah Dodos batting - Pitching for Vermont Lake Monsters : RHP Kee Bao
Pitching: RHP Cheung Wuying
Batting: SHB Arvo Helminen 0-0: Ball
1-0: Ground out 5-3 (Groundball, 56, EV 78.1 MPH)
Batting: RHB Jimmy Scott 0-0: Called Strike
0-1: Called Strike
0-2: Fly out, F7 (Flyball, 7S, EV 89.4 MPH)
Batting: RHB Nick Boyd 0-0: Called Strike
0-1: Ball
1-1: Ball
2-1: Ball
3-1: Ground out 5-3 (Groundball, 56S, EV 66.9 MPH)
Top of the 7th over - 0 runs, 0 hits, 0 errors, 0 left on base; Hialeah 5 - Vermont 0
BOTTOM OF THE 7TH
Vermont Lake Monsters batting - Pitching for Hialeah Dodos : RHP Pedro López
Pitching: RHP Dave Stephenson
Batting: RHB Cedric Terriquez 0-0: Ball
1-0: Called Strike
1-1: Fly out, F9 (Flyball, 89D, EV 101.9 MPH)
Batting: RHB Rusty Fox 0-0: Ball
1-0: Ground out 4-3 (Groundball, 4, EV 106.2 MPH)
Batting: LHB Tullu Amaad 0-0: Ball
1-0: Ball
2-0: Fly out, F9 (Flyball, 9D, EV 80.0 MPH)
Bottom of the 7th over - 0 runs, 0 hits, 0 errors, 0 left on base; Hialeah 5 - Vermont 0
TOP OF THE 8TH
Hialeah Dodos batting - Pitching for Vermont Lake Monsters : RHP Cheung Wuying
Batting: RHB Jon Deal 0-0: Called Strike
0-1: Hit by Pitch
Batting: RHB Dan Chrzan 0-0: Called Strike
0-1: SINGLE (Line Drive, 7S, EV 99.4 MPH)
Jon Deal to second
Batting: RHB Paul Byrd 0-0: Ball
1-0: Swinging Strike
1-1: Swinging Strike
1-2: Foul Ball, location: 2F
1-2: Strikes out swinging
Batting: RHB Nelson Jaramillo 0-0: Called Strike
0-1: Foul Ball, location: 2F
0-2: Ball
1-2: Ball
Wild Pitch!
Jon Deal to third
Dan Chrzan to second
2-2: Foul Ball, location: 2F
2-2: Ball
3-2: Base on Balls
Batting: RHB Gabrio Campoverde 0-0: Ball
1-0: Ball
2-0: Called Strike
2-1: Ball
3-1: Base on Balls
Jon Deal scores
Dan Chrzan to third
Nelson Jaramillo to second
Batting: RHB Ernesto Trevino 0-0: Ball
1-0: Swinging Strike
1-1: Foul Ball, location: 2F
1-2: SINGLE (Groundball, 34D, EV 99.4 MPH)
Dan Chrzan scores
Nelson Jaramillo to third
Gabrio Campoverde to second
Batting: SHB Arvo Helminen 0-0: Ball
1-0: Called Strike
1-1: Fielders Choice at 2nd, 6-4 (Groundball, 6, EV 103.8 MPH)
Nelson Jaramillo scores
Gabrio Campoverde to third
Pitching: LHP Mannus Dijkman
Batting: RHB Jimmy Scott 0-0: Ball
1-0: Fielders Choice at 2nd, 6-4 (Groundball, 6, EV 91.2 MPH)
Top of the 8th over - 3 runs, 2 hits, 0 errors, 2 left on base; Hialeah 8 - Vermont 0
BOTTOM OF THE 8TH
Vermont Lake Monsters batting - Pitching for Hialeah Dodos : RHP Dave Stephenson
Batting: RHB Min-tae Yi 0-0: Ball
1-0: Ground out 5-3 (Groundball, 56S, EV 79.4 MPH)
Batting: RHB Gabe Cain 0-0: Ball
1-0: SOLO HOME RUN (Flyball, 7D, EV 98.8 MPH), Distance : 374 ft
Batting: RHB Dale Doney 0-0: Ball
1-0: Ball
2-0: Ground out 3-1 (Groundball, 34, EV 101.2 MPH)
Batting: LHB Kevin de Bruyne 0-0: Ball
1-0: SINGLE (Line Drive, 3D, EV 104.4 MPH)
Batting: LHB Mike Sanderson 0-0: Ball
1-0: Called Strike
1-1: Foul Ball, location: 2F
1-2: Ball
2-2: Foul Ball, location: 2F
2-2: Strikes out looking
Bottom of the 8th over - 1 run, 2 hits, 0 errors, 1 left on base; Hialeah 8 - Vermont 1
TOP OF THE 9TH
Hialeah Dodos batting - Pitching for Vermont Lake Monsters : LHP Mannus Dijkman
Batting: RHB Nick Boyd 0-0: Foul Ball, location: 2F
0-1: Ball
1-1: Ball
2-1: Ball
3-1: Fly out, F8 (Flyball, 8LM, EV 87.5 MPH)
Batting: RHB Jon Deal 0-0: Ball
1-0: Foul Ball, location: 2F
1-1: Swinging Strike
1-2: Strikes out looking
Batting: RHB Dan Chrzan 0-0: Called Strike
0-1: Ball
1-1: Swinging Strike
1-2: Strikes out swinging
Top of the 9th over - 0 runs, 0 hits, 0 errors, 0 left on base; Hialeah 8 - Vermont 1
BOTTOM OF THE 9TH
Vermont Lake Monsters batting - Pitching for Hialeah Dodos : RHP Dave Stephenson
Batting: RHB Naganori Takahashi 0-0: Ball
1-0: Ball
2-0: Ground out U3 (Groundball, 34, EV 85.0 MPH)
Batting: RHB Cedric Terriquez 0-0: Foul Ball, location: 2F
0-1: Ball
1-1: Swinging Strike
1-2: Fly out, F9 (Line Drive, 9, EV 105.0 MPH)
Batting: RHB Rusty Fox 0-0: Foul Ball, location: 2F
0-1: Foul Ball, location: 2F
0-2: Ball
1-2: Ball
2-2: SINGLE (Groundball, 6MD, EV 99.4 MPH)
Batting: LHB Tullu Amaad 0-0: Ball
1-0: Ball
2-0: SINGLE (Groundball, 4MD, EV 98.8 MPH)
Rusty Fox to second
Batting: RHB Min-tae Yi 0-0: Ball
1-0: Ball
2-0: Called Strike
2-1: Foul Ball, location: 2F
2-2: Fielders Choice at 2nd, 5-4 (Groundball, 56, EV 104.4 MPH)
Bottom of the 9th over - 0 runs, 2 hits, 0 errors, 2 left on base; Hialeah 8 - Vermont 1
Thursday, January 23rd, 2020 - OOTP Baseball 20.8 Build 74